 Dungeon Crawl Stone Soup version 0.17-a0-1046-ga09e34d (webtiles) character file.

157 Woebin the Shield-Bearer (level 5, -7/42 HPs)
             Began as a Formicid Fighter on May 16, 2015.
             Mangled by an ogre
             ... wielding a +0 giant club
              (21 damage)
             ... on level 4 of the Dungeon.
             The game lasted 00:14:28 (2760 turns).

Woebin the Shield-Bearer (Formicid Fighter)         Turns: 2760, Time: 00:14:29

Health: -7/42      AC: 12    Str: 22    XL:     5   Next: 66%
Magic:  5/5        EV:  9    Int:  7    God:
Gold:   140        SH: 10    Dex: 10    Spells: 0 memorised, 4 levels left

rFire  . . .     SeeInvis +     a - +1 mace (protect)
rCold  . . .     Clarity  .     r - +0 scale mail
rNeg   . . .     SustAb   .     c - +0 shield
rPois  .         Gourm    .     (helmet unavailable)
rElec  .         Spirit   .     (no cloak)
rCorr  .         Warding  .     (no gloves)
rMut   .         Stasis   +     (no boots)
MR     +....                    (no amulet)
Stlth  ..........               (no ring)
                                d - ring of protection from magic

@: somewhat resistant to hostile enchantments, extremely unstealthy
A: permanent stasis, dig shafts and tunnels, four strong arms, antennae 3
a: Dig, Shaft Self


You were on level 4 of the Dungeon.
You were not hungry.

You visited 1 branch of the dungeon, and saw 4 of its levels.

You collected 140 gold pieces.

Inventory:

Hand weapons
 a - a +1 mace of protection (weapon)
 b - a +1 hunting sling of flaming
 t - a +0 trident
Missiles
 m - 5 tomahawks (quivered)
 s - 76 stones
Armour
 c - a +0 shield (worn)
 j - a +2 robe of the Archmagi
 r - a +0 scale mail (worn)
Jewellery
 d - a ring of protection from magic (left hand)
Scrolls
 f - 3 scrolls of identify {unknown}
 g - a scroll of fog {unknown}
 h - 2 scrolls of enchant weapon {unknown}
 i - a scroll of teleportation {unknown}
 l - a scroll of amnesia {unknown}
 q - a scroll of recharging {unknown}
Potions
 o - a potion of mutation {unknown}
 p - 2 potions of brilliance {unknown}
 u - a potion of magic {unknown}
 w - 2 potions of might
Comestibles
 e - 3 bread rations
 k - 4 fruits
 n - a meat ration
 v - a chunk of flesh


   Skills:
 + Level 4.1 Fighting
 + Level 2.6 Polearms
 + Level 4.0 Armour
 + Level 1.5 Dodging
 + Level 5.0 Shields


You had 4 spell levels left.
You didn't know any spells.

Dungeon Overview and Level Annotations

Branches:
Dungeon (4/15)
 Temple: D:4-7

Altars:
Ashenzari
Fedhas
Gozag
Qazlal
The Shining One


Innate Abilities, Weirdness & Mutations

You are under a permanent stasis effect.
You can dig through walls and to a lower floor.
Your four strong arms can wield two-handed weapons with a shield.
You have a pair of large antennae on your head (SInv).


Message History

Firing (i - inventory. (,) - cycle):
s - 77 stones (quivered)
Press: ? - help, Shift-Dir - straight line, f/p - kobold
Aim: a kobold, wielding a dagger You shoot a stone.
The stone barely misses the kobold.
You block the kobold's attack.
Your +1 hunting sling of flaming stops flaming.
You feel protected!
a - a +1 mace of protection (weapon)
You miss the kobold. You block the kobold's attack.
The kobold hits you but does no damage.
You hit the kobold.
You kill the kobold!
You hit the ogre.
The ogre is heavily wounded.
The ogre hits you with a giant club!
You hit the ogre.
The ogre is severely wounded.
The ogre hits you with a giant club! The ogre hits you with a giant club!!
Ouch! That really hurt!
You die...

#.. ###.# ....
#.## ......
#.# ......#
##.##
......###...#
.......#..<##
..........##
.........#####
.....(.....O@#
..........####
###.>...##
###.(## #....#
#.....#
#........
#...#(...##
#..####..##


You could see an ogre.

Vanquished Creatures
  Jessica (D:2)
  An orc wizard (D:3)
  A worker ant (D:3)
  An adder (D:3)
  An adder skeleton (D:4)
  A worm (D:2)
  2 giant geckos
  3 orcs (D:3)
  3 bats (D:1)
  4 giant cockroaches
  10 goblins
  10 hobgoblins
  8 kobolds
  2 giant newts
  7 jackals
  5 rats
60 creatures vanquished.

Notes
Turn   | Place    | Note
--------------------------------------------------------------
     0 | D:1      | Woebin the Formicid Fighter began the quest for the Orb.
     0 | D:1      | Reached XP level 1. HP: 18/18 MP: 1/1
   242 | D:1      | Reached XP level 2. HP: 24/24 MP: 2/2
   328 | D:1      | Reached skill level 4 in Shields
   552 | D:1      | Reached XP level 3. HP: 27/29 MP: 3/3
   971 | D:2      | Noticed Jessica
   997 | D:2      | Killed Jessica
   997 | D:2      | Reached skill level 1 in Dodging
   997 | D:2      | Reached XP level 4. HP: 4/35 MP: 4/4
   998 | D:2      | HP: 1/35 [rat (3)]
  1348 | D:2      | Found an opulent altar of Gozag.
  1348 | D:2      | Found a shattered altar of Ashenzari.
  1349 | D:2      | Found a stormy altar of Qazlal.
  1362 | D:2      | Found a blossoming altar of Fedhas.
  1899 | D:3      | Found a glowing golden altar of the Shining One.
  2052 | D:3      | Reached XP level 5. HP: 42/42 MP: 5/5
  2402 | D:3      | Reached skill level 5 in Shields
  2746 | D:4      | Noticed an ogre
  2760 | D:4      | Mangled by an ogre

Vault maps used:
D:1:      lightli_arrival_boilingwater, kennysheep_decorative_pillar
D:2:      nicolae_overflow_quartered_altars, first_bread, uniq_jessica
D:3:      nicolae_overflow_crystal_walls
D:4:      wad_pebble_path, okawaru_ov_weapons_minmay

Action                   |  1- 3 |  4- 6 || total
-------------------------+-------+-------++-------
Melee: Trident           |   100 |   104 ||   204
       Mace              |       |    34 ||    34
 Fire: Hunting sling     |       |    16 ||    16
Throw: Tomahawk          |       |    23 ||    23
 Abil: Dig               |     1 |     1 ||     2
  Use: Potion            |     1 |       ||     1
  Eat: Chunk             |       |     6 ||     6
